 Dungeon Crawl Stone Soup version 0.21-a0-185-g3a6ed1e (webtiles) character file.

3101 mayhaps the Magician (level 9, -2/63 HPs)
             Began as an Octopode Wizard on Aug 12, 2017.
             Slain by a wolf (4 damage)
             ... led by Grum
             ... on level 8 of the Dungeon.
             The game lasted 00:30:46 (11500 turns).

mayhaps the Magician (Octopode Wizard)             Turns: 11500, Time: 00:30:48

Health: -2/63      AC:  1    Str: 10    XL:     9   Next: 90%
Magic:  6/19       EV: 22    Int: 26    God:
Gold:   198        SH:  0    Dex: 16    Spells: 6/22 levels left

rFire    . . .     SeeInvis .   c - +1 dagger (venom)
rCold    + . .     Gourm    .   (no shield)
rNeg     . . .     Faith    .   a - +0 hat
rPois    .         Spirit   .   w - amulet of magic regeneration
rElec    .         Reflect  .   m - +4 ring of strength
rCorr    .         Harm     .   v - ring of protection from cold
MR       .....                  x - +3 ring of intelligence (curse)
Stlth    ++++......             (no ring)
HPRegen  0.20/turn              (no ring)
MPRegen  0.41/turn              (no ring)
                                (no ring)
                                (no ring)

@: agile, very slightly contaminated
A: almost no armour, stealthy swim, amphibious, 8 rings, constrict 8, camouflage
1, gelatinous body 1
a: no special abilities


You were on level 8 of the Dungeon.
You were not hungry.

You visited 1 branch of the dungeon, and saw 8 of its levels.

You collected 198 gold pieces.

Inventory:

Hand Weapons
 c - a +1 dagger of venom (weapon)
 d - a +0 dagger
 f - a +2 dagger
 u - a +0 blowgun
 z - a +0 morningstar of protection
Missiles
 h - 59 stones (quivered)
 i - 43 poisoned needles
 E - 6 needles of frenzy
Armour
 a - a +0 hat (worn)
Jewellery
 m - a +4 ring of strength (left tentacle)
 o - an uncursed ring of protection from fire
 v - a ring of protection from cold (right tentacle)
 w - an amulet of magic regeneration (around mantle)
 x - a cursed +3 ring of intelligence (on tentacle)
Wands
 l - a wand of polymorph (3/24)
 H - a wand of polymorph (13/24)
Scrolls
 e - 2 scrolls of immolation {unknown}
 p - a scroll of magic mapping
 q - a scroll of noise {unknown}
 r - a scroll of summoning {unknown}
 s - 2 scrolls of recharging {unknown}
 t - a scroll of amnesia {unknown}
 y - a scroll of identify
 F - a scroll of enchant weapon
 G - a scroll of brand weapon {unknown}
 J - a scroll of enchant armour {unknown}
 K - a scroll of remove curse {unknown}
 L - a scroll of fear {unknown}
 M - a scroll of acquirement {unknown}
Potions
 C - a potion of curing
 D - 4 potions of ambrosia
Books
 b - a book of Minor Magic

   Spells                             Type                      Level
   a - Magic Dart                     Conjuration                  1
   b - Blink                          Translocation                2
   c - Call Imp                       Summoning                    2
   d - Slow                           Hexes                        2
   e - Conjure Flame                  Conjuration/Fire             3
   f - Mephitic Cloud                 Conjuration/Poison/Air       3
 j - a book of Changes

   Spells                             Type                      Level
   a - Beastly Appendage              Transmutation                1
   b - Sticks to Snakes               Transmutation                2
   c - Spider Form                    Transmutation/Poison         3
   d - Ice Form                       Ice/Transmutation            4
   e - Blade Hands                    Transmutation                5
 I - a book of Flames

   Spells                             Type                      Level
   a - Flame Tongue                   Conjuration/Fire             1
   b - Throw Flame                    Conjuration/Fire             2
   c - Conjure Flame                  Conjuration/Fire             3
   d - Inner Flame                    Hexes/Fire                   3
   e - Sticky Flame                   Conjuration/Fire             4
   f - Fireball                       Conjuration/Fire             5
Comestibles
 g - 3 royal jellies
 k - 4 meat rations
 n - 13 fruits
 B - 2 bread rations
 N - 2 chunks of flesh


   Skills:
 + Level 6.5 Fighting
 - Level 4.5 Short Blades
 + Level 6.1 Dodging
 - Level 3.1 Stealth
 - Level 7.1 Spellcasting
 - Level 5.4 Conjurations
 - Level 1.0 Summonings
 - Level 1.0 Translocations


You had 6 spell levels left.
You knew the following spells:

 Your Spells              Type           Power        Failure   Level  Hunger
a - Magic Dart            Conj           ####         1%          1    None
b - Call Imp              Summ           ##......     6%          2    None
c - Conjure Flame         Conj/Fire      ###.....     6%          3    None
d - Blink                 Tloc           N/A          6%          2    None
e - Mephitic Cloud        Conj/Pois/Air  ###.....     9%          3    None
f - Slow                  Hex            #.......     10%         2    None
g - Spider Form           Tmut/Pois      #.........   19%         3    None


Dungeon Overview and Level Annotations

Branches:
Dungeon (8/15)
 Temple: D:4-7         Lair: D:8-11

Altars:
Elyvilon
Qazlal
Ru

Annotations:
D:3 Purgy
D:8 Grum


Innate Abilities, Weirdness & Mutations

You cannot wear most types of armour.
You are very stealthy in the water. (Stealth+)
You are amphibious.
You can wear up to eight rings at the same time.
You can use your tentacles to constrict eight enemies at once.
Your skin changes colour to match your surroundings (Stealth+).
Your rubbery body absorbs attacks. (AC +1, EV +1)


Message History

Okay, then.
Unknown command.
Unknown command.
Casting: Blink
Confirm with . or Enter, or press ? or * to list all spells.
You blink.
The wolf closely misses you. The wolf bites you.
* * * LOW HITPOINT WARNING * * *
Unknown command.
Casting: Blink
Confirm with . or Enter, or press ? or * to list all spells.
You miscast Blink.
You are very lightly contaminated with residual magic.
Nothing appears to happen.
The wolf barely misses you. x2
The wolf closely misses you. x2
Unknown command.
Casting: Blink
Confirm with . or Enter, or press ? or * to list all spells.
You miscast Blink.
You feel a wrenching sensation. The wolf completely misses you.
The wolf misses you. x2; The wolf bites you.
You die...

##.#### #........# ......
#....###........# .....
#...............# ....
##.#.###........# ...#
##......^........# ...##
#............#.### ...8#
.......†.........##...##..
.....5.........hh.........
......h..g.5...h@.....#...
#..g.......############
##............##
#......#.#.....#
#(##(......###...#
..().......# #..
)(##...(..... .
.##........#..#
.##.#####...#.#


You could see Grum, 3 wolves and a friendly crimson imp.

Vanquished Creatures
  Pikel (D:5)
  Sigmund (D:2)
  Eustachio (D:5)
  2 slaves (D:5)
  2 sky beasts
  3 ogres
  A centaur (D:6)
  2 bullfrogs
  A scorpion (D:5)
  8 wights (D:6)
  2 howler monkeys
  A crimson imp (D:5)
  5 hounds
  2 bullfrog skeletons (D:5)
  2 orc priests (D:3)
  2 bullfrog zombies (D:5)
  A jelly (D:5)
  4 orc wizards
  A centaur skeleton (D:5)
  An iguana (D:6)
  5 worker ants
  A killer bee zombie (D:5)
  2 hound skeletons
  A howler monkey zombie (D:5)
  2 howler monkey skeletons
  8 adders
  3 gnolls (D:6)
  2 oozes
  2 adder zombies
  2 adder skeletons
  3 worms
  2 dart slugs
  7 leopard geckos
  15 orcs
  A ball python (D:1)
  10 bats
  6 giant cockroaches
  5 goblins
  5 hobgoblins
  6 jackals
  7 frilled lizards
  A jackal zombie (D:6)
  5 kobolds
  A leopard gecko zombie (D:5)
  A quokka skeleton (D:5)
  9 rats
155 creatures vanquished.

Vanquished Creatures (collateral kills)
  2 centaurs (D:8)
  2 bullfrogs (D:8)
  A scorpion (D:4)
  A hound (D:8)
  An orc wizard (D:4)
  A leopard gecko (D:3)
  A jackal (D:8)
  2 frilled lizards (D:3)
11 creatures vanquished.

Vanquished Creatures (others)
  A withered plant (D:5)
1 creature vanquished.

Grand Total: 167 creatures vanquished

Notes
Turn   | Place    | Note
-------+----------+-------------------------------------------
     0 | D:1      | mayhaps the Octopode Wizard began the quest for the Orb.
     0 | D:1      | Reached XP level 1. HP: 11/11 MP: 4/4
   668 | D:1      | Reached XP level 2. HP: 17/17 MP: 3/6
  1317 | D:1      | Reached XP level 3. HP: 21/21 MP: 4/8
  1520 | D:1      | Learned a level 2 spell: Call Imp
  1524 | D:1      | Learned a level 3 spell: Conjure Flame
  1527 | D:1      | Learned a level 2 spell: Blink
  2586 | D:3      | Reached XP level 4. HP: 27/27 MP: 7/9
  2615 | D:3      | Reached skill level 1 in Short Blades
  2653 | D:3      | Reached skill level 4 in Spellcasting
  2937 | D:2      | Noticed Sigmund
  3210 | D:3      | Reached skill level 1 in Fighting
  3210 | D:3      | Reached XP level 5. HP: 7/33 MP: 11/11
  3613 | D:3      | Learned a level 3 spell: Mephitic Cloud
  3633 | D:2      | Killed Sigmund
  3633 | D:2      | Reached XP level 6. HP: 31/39 MP: 5/13
  3926 | D:3      | Noticed Purgy
  3998 | D:4      | Reached skill level 5 in Spellcasting
  4856 | D:4      | Reached XP level 7. HP: 22/45 MP: 1/15
  5496 | D:4      | Found a white marble altar of Elyvilon.
  6239 | D:4      | Reached skill level 6 in Spellcasting
  6483 | D:4      | Found a sacrificial altar of Ru.
  6483 | D:4      | Found a stormy altar of Qazlal.
  6592 | D:5      | Entered Level 5 of the Dungeon
  6639 | D:5      | Learned a level 2 spell: Slow
  6661 | D:5      | Noticed Eustachio
  7025 | D:5      | Reached XP level 8. HP: 46/51 MP: 14/17
  7544 | D:5      | Killed Eustachio
  7544 | D:5      | Reached skill level 5 in Conjurations
  7556 | D:5      | Reached skill level 7 in Spellcasting
  7723 | D:5      | Noticed Pikel
  8543 | D:5      | Killed Pikel
  8543 | D:5      | Reached XP level 9. HP: 59/59 MP: 16/19
  8771 | D:6      | Learned a level 3 spell: Spider Form
  9038 | D:6      | Reached skill level 5 in Fighting
  9744 | D:6      | Reached skill level 5 in Dodging
 11471 | D:8      | Noticed Grum
 11485 | D:8      | HP: 1/63 [wolf[Grum] (6)]
 11487 | D:8      | Noticed a two-headed ogre
 11498 | D:8      | HP: 2/63 [wolf[Grum] (2)]
 11500 | D:8      | Slain by a wolf

Vault maps used:
D:1:      tarquinn_simple_flora_water_a, minmay_misc_feat_five,
          minmay_misc_feat_square, serial_bayou_pond_b
D:2:      bh_chokoban, uniq_sigmund
D:3:      lemuel_round_altar, first_bread, portal_sewer_entry_a,
          minmay_lizard_king, uniq_purgy
D:4:      gammafunk_temple_overflow_pools, old_standard_altar
D:5:      serial_undead, serial_undead_a, serial_undead_c, serial_undead_e,
          serial_undead_f, serial_undead_d, serial_undead_c, uniq_pikel,
          uniq_eustachio
D:6:      minmay_cornered_nines, minmay_temple_entry_fiery,
          minmay_tree_intersection, nicolae_underground_beach
D:7:      grunt_livestock
D:8:      serial_corexii_hall, corexii_hall_statues_s, corexii_hall_statues_x,
          uniq_grum

Skill      XL: |  1  2  3  4  5  6  7  8  9 |
---------------+----------------------------+-----
Conjurations   | 2 4 5 |  5.4
Stealth        | 3 |  3.1
Short Blades   | 1 2 4 |  4.5
Spellcasting   | 4 5 6 7 |  7.1
Fighting       | 1 2 4 6 |  6.5
Dodging        | 4 6 |  6.1
Summonings     | |  1.0
Translocations | |  1.0

Action                   |  1- 3 |  4- 6 |  7- 9 || total
-------------------------+-------+-------+-------++-------
Melee: Unarmed           |     6 |       |       ||     6
       Tentacles         |     4 |     7 |    41 ||    52
       Constrict         |     4 |     9 |    45 ||    58
       Dagger            |    15 |    63 |   205 ||   283
 Fire: Blowgun           |       |     7 |       ||     7
Throw: Stone             |       |     6 |       ||     6
 Cast: Magic Dart        |    92 |    55 |   247 ||   394
       Call Imp          |       |     9 |    27 ||    36
       Conjure Flame     |       |     2 |    23 ||    25
       Mephitic Cloud    |       |     1 |     3 ||     4
       Blink             |       |     1 |    13 ||    14
       Slow              |       |       |     1 ||     1
  Use: Scroll            |     6 |       |     5 ||    11
       Potion            |       |     3 |     6 ||     9
 Stab: Sleeping          |       |     1 |     5 ||     6
       Distracted        |       |       |     1 ||     1
       Confused          |       |       |     5 ||     5
  Eat: Chunk             |     5 |     2 |    14 ||    21
       Bread ration      |       |     1 |       ||     1
       Royal jelly       |       |       |     1 ||     1
       Meat ration       |       |       |     1 ||     1
Armor: Skin              |     6 |    45 |    14 ||    65
Dodge: Dodged            |    23 |    30 |   167 ||   220
